 Dungeon Crawl Stone Soup version 0.22.0-49-gab54619 (webtiles) character file.

61 Folque the Vexing (level 4, -1/41 HPs)
             Began as an Ogre Arcane Marksman on Sept 7, 2018.
             Was an Initiate of Yredelemnul.
             Slain by a frilled lizard (2 damage)
             ... on level 2 of the Dungeon.
             The game lasted 00:06:08 (1867 turns).

Folque the Vexing (Ogre Arcane Marksman)            Turns: 1867, Time: 00:06:08

Health: -1/41      AC:  3    Str: 14    XL:     4   Next: 7%
Magic:  0/8        EV: 10    Int: 19    God:    Yredelemnul [......]
Gold:   86         SH:  0    Dex: 10    Spells: 3/9 levels left

rFire    . . .     SeeInvis .   i - +0 short sword
rCold    . . .     Gourm    .   (no shield)
rNeg     . . .     Faith    .   a - +0 robe
rPois    .         Spirit   .   (helmet restricted)
rElec    .         Reflect  .   (no cloak)
rCorr    .         Harm     .   (gloves unavailable)
MR       .....                  (boots unavailable)
Stlth    +.........             (no amulet)
HPRegen  0.13/turn              (no ring)
MPRegen  0.11/turn              (no ring)

@: brilliant
A: large, unfitting armour, tough skin 1
a: Renounce Religion


You were on level 2 of the Dungeon.
You worshipped Yredelemnul.
Yredelemnul was noncommittal.
You were not hungry.

You visited 1 branch of the dungeon, and saw 2 of its levels.

You collected 86 gold pieces.

Inventory:

Hand Weapons
 i - a +0 short sword (weapon)
Missiles
 d - 2 throwing nets (quivered)
 r - 19 poisoned needles
Armour
 a - a +0 robe (worn)
Jewellery
 e - an uncursed amulet of faith {unknown}
Scrolls
 g - a scroll of magic mapping {unknown}
 h - 5 scrolls of remove curse {unknown}
 j - a scroll of blinking {unknown}
 k - 2 scrolls of fog {unknown}
 o - a scroll of identify {unknown}
 q - 2 scrolls of random uselessness {unknown}
 s - a scroll of fear {unknown}
Potions
 b - a potion of brilliance
 l - a potion of heal wounds {unknown}
 m - 2 potions of curing {unknown}
 n - a potion of agility {unknown}
 p - a potion of flight {unknown}
Comestibles
 f - 2 rations


   Skills:
 - Level 1.3 Fighting
 * Level 2.7 Throwing
 - Level 1.7 Dodging
 + Level 3.0 Spellcasting
 + Level 3.2 Hexes


You had 3 spell levels left.
You knew the following spells:

 Your Spells              Type           Power        Failure   Level  Hunger
a - Corona                Hex            ####...      1%          1    None
b - Slow                  Hex            ####....     1%          2    ##.....
c - Portal Projectile     Hex/Tloc       ###...       3%          3    ###....

Your spell library contained the following spells:

 Spells                   Type           Power        Failure   Level  Hunger
 Inner Flame              Hex/Fire       ###.....     3%          3    ###....
 Cause Fear               Hex            ####......   4%          4    ####...
 Leda's Liquefaction      Hex/Erth       ###.......   9%          4    ####...


Dungeon Overview and Level Annotations

Branches:
Dungeon (2/15)

Altars:
Yredelemnul


Innate Abilities, Weirdness & Mutations

You are too large for most types of armour.
You have tough skin. (AC +1)


Message History

Press: ? - help, Shift-Dir - straight line, f/p - gnoll
Aim: a gnoll (heavily wounded, chance to defeat MR: 55%)
The gnoll resists with significant effort.
The gnoll barely misses you.
The frilled lizard bites you but does no damage.
You hit the gnoll.
The gnoll is almost dead.
The gnoll hits you but does no damage. The frilled lizard bites you.
* * * LOW HITPOINT WARNING * * *
You barely miss the gnoll.
The gnoll is almost dead.
The gnoll hits you.
* * * LOW HITPOINT WARNING * * *
The frilled lizard bites you.
* * * LOW HITPOINT WARNING * * *
It was a potion of brilliance.
You feel clever all of a sudden. The gnoll barely misses you.
The frilled lizard bites you.
You die...
Your body rises from the dead as a mindless zombie.

#..###....# ##.......##
##..#......###.........#
.............'.........+
##.........###.........#
#.#......## ##.......##
#........# ##.....##
#########.# ##...##
..........# #####'##
#...#...#.# #..@..#
..........# #..lg)#
#...#...### #.....((.
.........# #.....[##.#
########## #.......#
###.##### #.# #.#


You could see a gnoll and a frilled lizard.

Vanquished Creatures
  2 gnolls (D:2)
  A worm (D:2)
  2 dart slugs (D:1)
  4 leopard geckos (D:1)
  7 bats
  3 giant cockroaches
  3 goblins (D:1)
  2 hobgoblins
  4 frilled lizards (D:1)
  A kobold (D:1)
  4 rats
33 creatures vanquished.

Notes
Turn   | Place    | Note
-------+----------+-------------------------------------------
     0 | D:1      | Folque the Ogre Arcane Marksman began the quest for the
                  | Orb.
     0 | D:1      | Reached XP level 1. HP: 19/19 MP: 2/2
   336 | D:1      | Reached XP level 2. HP: 6/27 MP: 0/5
   668 | D:1      | Learned a level 2 spell: Slow
   924 | D:1      | Reached XP level 3. HP: 32/33 MP: 3/6
  1440 | D:2      | Learned a level 3 spell: Portal Projectile
  1777 | D:2      | Found a basalt altar of Yredelemnul.
  1788 | D:2      | Became a worshipper of Yredelemnul the Dark
  1854 | D:2      | Reached XP level 4. HP: 41/41 MP: 1/8
  1866 | D:2      | HP: 2/41 [gnoll (2)]
  1867 | D:2      | Slain by a frilled lizard

Skill      XL: |  1  2  3 |
---------------+----------+-----
Spellcasting   | 2 3 |  3.0
Hexes          | 3 |  3.2
Fighting       | |  1.3
Throwing       | |  2.7
Dodging        | |  1.7

Action                   |  1- 3 |  4- 6 || total
-------------------------+-------+-------++-------
Melee: Unarmed           |    68 |       ||    68
       Short sword       |    70 |    10 ||    80
Throw: Large rock        |    11 |       ||    11
 Cast: Corona            |    36 |     1 ||    37
       Slow              |     3 |     1 ||     4
       Portal Projectile |     1 |       ||     1
  Use: Potion            |       |     1 ||     1
  Eat: Chunk             |     4 |       ||     4
Armor: Robe              |    51 |     3 ||    54
Dodge: Dodged            |    81 |    17 ||    98
